[Event "Titled Tuesday Blitz November 01 Early 2022"]
[White "Ristic, Nebojsa B"]
[Black "Makhmudov, Shukhrat"]
[WhiteFideId "935468"]
[BlackFideId "14200775"]
[WhiteElo "2320"]
[BlackElo "2135"]
[Result "1-0"]
[Round "02"]
[TimeControl "180+1"]
[Date "2022.11.02"]
[WhiteClock "0:01:25"]
[BlackClock "0:00:15"]

1. d4 Nf6 2. Bf4 d5 3. e3 c5 4. Nf3 Nc6 5. Nbd2 Bf5 6. c3 e6 7. dxc5 Bxc5 8. Nd4 Nxd4 9. exd4 Be7 10. Bb5+ Nd7 11. Nf3 O-O 12. O-O Bg4 13. h3 Bh5 14. Be2 Qb6 15. Qb3 Qxb3 16. axb3 a6 17. b4 f6 18. g4 Bf7 19. Nd2 e5 20. Be3 h6 21. Nb3 Rfe8 22. Rfe1 Nf8 23. Bf1 e4 24. Bf4 Ne6 25. Bg3 Ng5 26. Bg2 Red8 27. h4 Ne6 28. f3 exf3 29. Bxf3 Rd7 30. Re2 Bd6 31. Bxd6 Rxd6 32. Rae1 Nf4 33. Re3 g5 34. h5 Be6 35. Nc5 b6 36. Nxe6 Nxe6 37. Rxe6 Rxe6 38. Rxe6 a5 39. Bxd5 1-0


[Site "https://www.chess.com"]

[Event "Titled Tuesday Blitz November 01 Early 2022"]
[White "Rohith Krishna S"]
[Black "Skuhala, Jernej"]
[WhiteFideId "46617051"]
[BlackFideId "14605651"]
[WhiteElo "2270"]
[BlackElo "2420"]
[Result "1-0"]
[Round "02"]
[TimeControl "180+1"]
[Date "2022.11.02"]
[WhiteClock "0:00:15"]
[BlackClock "0:00:06"]

1. d4 Nf6 2. c4 e6 3. Nc3 Bb4 4. Qc2 c5 5. e3 O-O 6. Bd3 h6 7. Ne2 b6 8. O-O Bb7 9. a3 Bxc3 10. Nxc3 Nc6 11. dxc5 bxc5 12. Ne4 d6 13. Bd2 Ne5 14. Nxf6+ Qxf6 15. Be2 Rfd8 16. f4 Nc6 17. Bc3 Qe7 18. b4 d5 19. b5 Nb8 20. f5 d4 21. exd4 cxd4 22. Bb4 Qg5 23. Bd3 Nd7 24. Rae1 e5 25. f6 Nxf6 26. Rf5 Qh4 27. Rexe5 Re8 28. g3 Qg4 29. Qe2 Rxe5 30. Rxe5 Bf3 31. Qf2 Bb7 32. Qe2 Bf3 33. Qe1 Bb7 34. Be2 Qg6 35. Qd1 Re8 36. Rxe8+ Nxe8 37. c5 Qe4 38. c6 Qe3+ 39. Kg2 Bc8 40. Qd3 Qe5 41. Bf3 Nf6 42. Qe2 Qf5 43. Be7 Qh3+ 44. Kg1 Ng4 45. Bc5 Ne3 46. Bxd4 Nf5 47. Bxa7 Nxg3 48. hxg3 Qxg3+ 49. Bg2 Qxa3 50. Bf2 Bf5 51. Be4 Bh3 52. Qe3 Qa1+ 53. Kh2 Be6 54. Bg2 Qb2 55. Qc5 h5 56. c7 h4 57. c8=Q+ Bxc8 58. Qxc8+ Kh7 59. Qf5+ g6 60. Qxf7+ Kh6 61. Be3+ Kh5 62. Qf3# 1-0


[Site "https://www.chess.com"]

[Event "Titled Tuesday Blitz November 01 Early 2022"]
[White "Romero Ruscalleda, Josep"]
[Black "Ferreira, Vitor Hugo Vieira"]
[WhiteFideId "2231859"]
[BlackFideId "2119765"]
[WhiteElo "2255"]
[BlackElo "2168"]
[Result "1-0"]
[Round "02"]
[TimeControl "180+1"]
[Date "2022.11.02"]
[WhiteClock "0:00:02"]
[BlackClock "0:00:01"]

1. e4 c5 2. c3 d5 3. exd5 Qxd5 4. d4 Nf6 5. Nf3 Bg4 6. dxc5 Qxc5 7. Be3 Qc7 8. Be2 a6 9. O-O e6 10. Nbd2 Nbd7 11. a4 Bc5 12. Bg5 O-O 13. h3 Bf5 14. Nc4 Ne4 15. Be3 Rad8 16. Bxc5 Ndxc5 17. Qe1 Nb3 18. Rd1 Qc5 19. Ne3 Bg6 20. Bc4 Qb6 21. Ne5 Na5 22. Nd7 Qxb2 23. Nxf8 Rxf8 24. Bd3 Nxc3 25. Rd2 Qa3 26. Bxg6 hxg6 27. Rd3 Rc8 28. Nd1 Qxa4 29. Rxc3 Rd8 30. Ne3 Nc6 31. Qb1 Rd7 32. Nc4 Re7 33. Nd6 Nd4 34. Rc8+ Kh7 35. Nxb7 Ne2+ 36. Kh1 Qd7 37. Rc2 Nd4 38. Rd2 e5 39. Nc5 Qc6 40. Nd3 f6 41. Qa1 Nb3 42. Qa2 Nxd2 43. Qxd2 Rd7 44. Qe3 Qc4 45. Nc5 Qxf1+ 46. Kh2 Rd1 47. Ne6 Qg1+ 48. Kg3 Qf1 49. Nf8+ Kg8 50. Qc5 Rd3+ 51. Kh2 Qd1 52. Ne6 Rd7 53. Qf8+ Kh7 54. Nc5 Rd8 55. Qf7 Qd6 56. Ne6 Rd7 57. Nf8+ Kh6 58. Nxd7 g5 59. Nf8 f5 60. Qg8 1-0


[Site "https://www.chess.com"]

[Event "Titled Tuesday Blitz November 01 Early 2022"]
[White "Rosh Jain"]
[Black "Xie, Bryan"]
[WhiteFideId "25789465"]
[BlackFideId "30941296"]
[WhiteElo "2233"]
[BlackElo "2033"]
[Result "1-0"]
[Round "02"]
[TimeControl "180+1"]
[Date "2022.11.02"]
[WhiteClock "0:00:04"]
[BlackClock "0:01:20"]

1. e4 c5 2. Nf3 e6 3. d4 cxd4 4. Nxd4 Nc6 5. Nc3 Qc7 6. Be3 a6 7. Bd3 Nf6 8. O-O b5 9. Kh1 Bb7 10. f4 Nxd4 11. Bxd4 Bc5 12. Bxc5 Qxc5 13. e5 b4 14. exf6 bxc3 15. fxg7 Rg8 16. Qg4 cxb2 17. Rab1 Qc3 18. Rf2 Rxg7 19. Qe2 Qd4 20. f5 e5 21. f6 Rg5 22. Bxh7 O-O-O 23. c3 Qh4 24. Rxb2 Qxh7 25. Qc4+ Kb8 26. Rxb7+ Kxb7 27. Rb2+ Ka8 28. Qd5+ Ka7 29. Qb7# 1-0


[Site "https://www.chess.com"]

[Event "Titled Tuesday Blitz November 01 Early 2022"]
[White "Rustemov, Alexander"]
[Black "Obrien, Matthew"]
[WhiteFideId "4119002"]
[BlackFideId "2059150"]
[WhiteElo "2944"]
[BlackElo "2623"]
[Result "1-0"]
[Round "02"]
[TimeControl "180+1"]
[Date "2022.11.01"]
[WhiteClock "0:01:50"]
[BlackClock "0:00:04"]

1. d4 Nf6 2. c4 g6 3. Nf3 Bg7 4. g3 O-O 5. Bg2 d6 6. Nc3 c5 7. O-O Nc6 8. dxc5 dxc5 9. Bf4 Be6 10. Ne5 Nxe5 11. Bxe5 Bxc4 12. Bxb7 Qxd1 13. Rfxd1 Rad8 14. b3 Be6 15. Rac1 Rxd1+ 16. Rxd1 Ng4 17. Bxg7 Kxg7 18. Bd5 Bxd5 19. Rxd5 Rc8 20. Rd7 a5 21. Nd5 c4 22. Nb6 Rc6 23. Nxc4 a4 24. Rxe7 axb3 25. axb3 Rc5 26. Rb7 Nf6 27. Nd6 Nd5 28. Rxf7+ Kg8 29. Rb7 Rc1+ 30. Kg2 Rc2 31. Kf3 Nc3 32. e3 Rd2 33. Ne4 Nxe4 34. Kxe4 Rxf2 35. h4 Rg2 36. Kf3 Rb2 37. b4 h5 38. b5 1-0


[Site "https://www.chess.com"]

[Event "Titled Tuesday Blitz November 01 Early 2022"]
[White "Salman, Pavel"]
[Black "Sovetbekova, Nurai"]
[WhiteFideId "24153753"]
[BlackFideId "13801910"]
[WhiteElo "2187"]
[BlackElo "1925"]
[Result "1-0"]
[Round "02"]
[TimeControl "180+1"]
[Date "2022.11.02"]
[WhiteClock "0:00:21"]
[BlackClock "0:00:04"]

1. Nf3 Nf6 2. g3 g6 3. Bg2 Bg7 4. O-O O-O 5. d3 c5 6. Nbd2 d5 7. e4 Nc6 8. Re1 e5 9. exd5 Nxd5 10. Nc4 Re8 11. a4 b6 12. Ne3 Nxe3 13. Bxe3 Bb7 14. Nd2 Qc7 15. Nc4 Nd4 16. Bxd4 exd4 17. Rxe8+ Rxe8 18. Bxb7 Qxb7 19. Nd6 Qd7 20. Nxe8 Qxe8 21. Qe1 Qc6 22. Qe4 Qc7 23. Qe8+ Bf8 24. Re1 h5 25. Qa8 Kg7 26. Re8 Bd6 27. Rg8+ Kf6 28. Qf3+ Ke7 29. Qe4+ Kf6 30. f4 Qd7 31. b3 Qg4 32. Rd8 Bc7 33. Re8 Bd6 34. Qe2 Qd7 35. Kg2 Qc6+ 36. Qe4 Qd7 37. h3 Kg7 38. Ra8 a5 39. Qe8 Qb7+ 40. Kf2 Kf6 41. Qe4 Qd7 42. Kg2 Be7 43. Qe5# 1-0


[Site "https://www.chess.com"]

[Event "Titled Tuesday Blitz November 01 Early 2022"]
[White "Samarth, J Rao"]
[Black "Kowalczyk, Pawel"]
[WhiteFideId "46652370"]
[BlackFideId "1130641"]
[WhiteElo "1564"]
[BlackElo "2324"]
[Result "1-0"]
[Round "02"]
[TimeControl "180+1"]
[Date "2022.11.02"]
[WhiteClock "0:00:22"]
[BlackClock "0:00:31"]

1. c4 e5 2. Nc3 Nf6 3. Nf3 Nc6 4. e3 Bb4 5. Qc2 O-O 6. Nd5 Bc5 7. a3 a5 8. Ng5 g6 9. Nxf6+ Qxf6 10. Ne4 Qe7 11. h4 Ba7 12. Nc3 f5 13. h5 d6 14. Nd5 Qg7 15. hxg6 hxg6 16. b4 f4 17. Bd3 fxe3 18. Bxg6 exf2+ 19. Kf1 e4 20. Qxe4 Ne5 21. Bb2 Bf5 22. Bxf5 Rae8 23. Bh7+ Kf7 24. Qf5+ 1-0


[Site "https://www.chess.com"]

[Event "Titled Tuesday Blitz November 01 Early 2022"]
[White "Sanchez, Robert"]
[Black "Melikyan, Gnel"]
[WhiteFideId "2034360"]
[BlackFideId "54109990"]
[WhiteElo "2402"]
[BlackElo "2138"]
[Result "0-1"]
[Round "02"]
[TimeControl "180+1"]
[Date "2022.11.02"]
[WhiteClock "0:00:26"]
[BlackClock "0:01:24"]

1. Nf3 Nf6 2. e3 g6 3. c4 Bg7 4. Nc3 O-O 5. d4 d5 6. cxd5 Nxd5 7. Bc4 Be6 8. Bb3 c5 9. O-O cxd4 10. Nxd4 Nxc3 11. bxc3 Bd5 12. Qe2 Bxb3 13. axb3 Nd7 14. Rd1 Qb6 15. b4 Rfc8 16. Bb2 Ne5 17. Nb3 Nc4 18. Rac1 Nxb2 19. Qxb2 Qxb4 20. cxb4 Bxb2 21. Rb1 Bf6 0-1


[Site "https://www.chess.com"]

[Event "Titled Tuesday Blitz November 01 Early 2022"]
[White "Sargsyan, Anna M."]
[Black "Terry, Renato"]
[WhiteFideId "13308130"]
[BlackFideId "3803457"]
[WhiteElo "2284"]
[BlackElo "2577"]
[Result "0-1"]
[Round "02"]
[TimeControl "180+1"]
[Date "2022.11.01"]
[WhiteClock "0:00:18"]
[BlackClock "0:01:09"]

1. d4 d5 2. c4 dxc4 3. Nf3 Nf6 4. e3 e6 5. Bxc4 a6 6. O-O c5 7. Qe2 b5 8. Bd3 Bb7 9. a4 b4 10. Nbd2 Nbd7 11. Nc4 Be7 12. Rd1 Qc7 13. a5 O-O 14. b3 cxd4 15. exd4 Nd5 16. Bd2 Nf4 17. Bxf4 Qxf4 18. Qe3 Qxe3 19. fxe3 Nf6 20. Rac1 Nd5 21. Kf2 Nc3 22. Re1 Rac8 23. e4 Rfd8 24. Nb6 Rc7 25. Ke3 h5 26. Rc2 g6 27. Rf2 Bf8 28. h4 Bh6+ 29. Ng5 Bg7 30. Nf3 f6 31. Rc2 e5 32. Bc4+ Kh8 33. dxe5 Bxe4 34. Rd2 Bh6+ 35. Kf2 Bxd2 0-1


[Site "https://www.chess.com"]

[Event "Titled Tuesday Blitz November 01 Early 2022"]
[White "Schekachikhin, Maksim"]
[Black "Warchol, Kamil"]
[WhiteFideId "24177830"]
[BlackFideId "21858241"]
[WhiteElo "2272"]
[BlackElo "2001"]
[Result "1-0"]
[Round "02"]
[TimeControl "180+1"]
[Date "2022.11.02"]
[WhiteClock "0:00:10"]
[BlackClock "0:00:02"]

1. d4 Nf6 2. c4 e6 3. Nc3 Bb4 4. Qc2 O-O 5. Nf3 b6 6. e4 d5 7. e5 Ne4 8. Bd3 Bb7 9. O-O Bxc3 10. bxc3 c5 11. cxd5 exd5 12. Nd2 Nxd2 13. Bxd2 h6 14. f4 Nc6 15. dxc5 bxc5 16. Rae1 Re8 17. Qd1 c4 18. Bb1 d4 19. cxd4 Qxd4+ 20. Be3 Qxd1 21. Rxd1 Red8 22. Kf2 Nb4 23. Bc5 Nd3+ 24. Bxd3 cxd3 25. Bd6 Ba6 26. Ke3 Rdc8 27. Rf2 Rc3 28. Rdd2 Rac8 29. g4 Rc2 30. f5 R8c6 31. a3 f6 32. Kd4 fxe5+ 33. Bxe5 Kf7 34. Ke3 Rc8 35. Bb2 Re8+ 36. Kf4 Rec8 37. h4 R8c4+ 38. Kg3 Rc5 39. Bd4 Rc7 40. g5 hxg5 41. hxg5 Rxd2 42. Rxd2 Rc2 43. g6+ Kf8 44. Rd1 d2 45. Be3 Bc8 46. Kf4 Rc4+ 47. Ke5 Ra4 48. Rxd2 Ra5+ 49. Kf4 Bxf5 50. Rd6 Ke7 51. Rc6 Rd5 52. Bxa7 Bd7 53. Ra6 Rd6 54. Bc5 1-0


[Site "https://www.chess.com"]

[Event "Titled Tuesday Blitz November 01 Early 2022"]
[White "Selkirk, Rebecca"]
[Black "Melikhov, Evgeny V."]
[WhiteFideId "14306514"]
[BlackFideId "4122046"]
[WhiteElo "1649"]
[BlackElo "2169"]
[Result "0-1"]
[Round "02"]
[TimeControl "180+1"]
[Date "2022.11.02"]
[WhiteClock "0:00:31"]
[BlackClock "0:00:09"]

1. e4 c5 2. Nf3 d6 3. d4 cxd4 4. Nxd4 Nf6 5. Nc3 a6 6. Bg5 e6 7. f4 Nbd7 8. Qf3 Qc7 9. O-O-O b5 10. Bd3 Bb7 11. Rhe1 O-O-O 12. Ncxb5 axb5 13. Nxb5 Qb6 14. f5 Ne5 15. Qe2 Nxd3+ 16. Qxd3 Ba6 17. Qc3+ Kb8 18. Nd4 Rc8 19. Qg3 e5 20. Nb3 Be7 21. Be3 Qc6 22. c3 Nxe4 23. Qxg7 Nxc3 24. Na5 Nxa2+ 25. Kb1 Qc2+ 26. Kxa2 Qa4+ 27. Kb1 Qxa5 28. Qxf7 Rc7 29. Qb3+ Rb7 30. Qd5 Rc8 31. f6 Qxd5 32. Rxd5 Bxf6 33. Rxd6 Bh4 34. Red1 Bc4 35. g3 Be7 36. Rd7 Rxd7 37. Rxd7 Rc7 38. Rd2 e4 39. Bf4 Bd3+ 40. Ka1 Bb4 41. Bxc7+ Kxc7 42. Rf2 e3 43. Rf7+ Kd6 0-1


[Site "https://www.chess.com"]

[Event "Titled Tuesday Blitz November 01 Early 2022"]
[White "Sernecki, Franciszek"]
[Black "Vaibhav Jayant Raut"]
[WhiteFideId "1169297"]
[BlackFideId "5089034"]
[WhiteElo "2209"]
[BlackElo "2147"]
[Result "0-1"]
[Round "02"]
[TimeControl "180+1"]
[Date "2022.11.02"]
[WhiteClock "0:00:04"]
[BlackClock "0:00:40"]

1. c4 c5 2. Nc3 Nc6 3. g3 g6 4. Bg2 Bg7 5. e4 d6 6. Nge2 Nf6 7. O-O O-O 8. d3 a6 9. a3 Rb8 10. Rb1 b5 11. cxb5 axb5 12. b4 cxb4 13. axb4 h5 14. h3 e5 15. Bg5 Ne7 16. d4 Nh7 17. Be3 Be6 18. d5 Bd7 19. f4 exf4 20. Bxf4 Qb6+ 21. Kh2 g5 22. Bc1 Ng6 23. Rf3 Ne5 24. Rf1 Rbc8 25. Bb2 Nc4 26. Ba1 Ne3 27. Qd3 Nxf1+ 28. Rxf1 Be5 29. Kh1 Rc4 30. Qf3 g4 31. hxg4 Bxg4 32. Qd3 Rfc8 33. Na2 Bxa1 34. Rxa1 Qf2 35. Nf4 Rd4 36. Qxb5 Qxg3 37. Rf1 Rd1 38. Qa6 Rxf1+ 39. Qxf1 Rc2 40. Nc1 Rf2 0-1


[Site "https://www.chess.com"]

[Event "Titled Tuesday Blitz November 01 Early 2022"]
[White "Shaik Sumer Arsh"]
[Black "Zaichenko, Daria"]
[WhiteFideId "45020000"]
[BlackFideId "4197453"]
[WhiteElo "2190"]
[BlackElo "2039"]
[Result "1-0"]
[Round "02"]
[TimeControl "180+1"]
[Date "2022.11.02"]
[WhiteClock "0:00:26"]
[BlackClock "0:00:08"]

1. d4 d5 2. c4 e6 3. Nc3 Be7 4. cxd5 exd5 5. Bf4 c6 6. e3 Bf5 7. Bd3 Bxd3 8. Qxd3 Nf6 9. Nf3 O-O 10. O-O Nh5 11. Be5 Nd7 12. Rab1 Nxe5 13. Nxe5 f6 14. Nf3 Qd7 15. h3 g6 16. b4 Ng7 17. b5 Rab8 18. Rb3 Ne6 19. Rfb1 Bd6 20. bxc6 bxc6 21. Qa6 Rxb3 22. Rxb3 Rb8 23. Nd2 Rxb3 24. Nxb3 Nd8 25. Na4 Qb7 26. Qa5 Ne6 27. Nac5 Nxc5 28. Qd8+ Kg7 29. dxc5 Be7 30. Qa5 f5 31. Qc3+ Kg8 32. Qe5 Bf8 33. Nd4 Qg7 34. Qe6+ Qf7 35. Qxc6 Qe7 36. Qe6+ Qxe6 37. Nxe6 Kf7 38. Nxf8 Kxf8 39. Kf1 Ke7 40. Ke2 Kd7 41. Kd3 Kc6 42. Kd4 a5 43. a4 g5 44. g4 f4 45. exf4 gxf4 46. f3 h6 47. h4 Kc7 48. Kxd5 Kd7 49. Ke4 Kc6 50. Kxf4 Kxc5 51. g5 hxg5+ 52. hxg5 Kb4 53. g6 Kxa4 54. g7 Ka3 55. g8=Q a4 56. Qc4 Kb2 57. Qxa4 1-0


[Site "https://www.chess.com"]

[Event "Titled Tuesday Blitz November 01 Early 2022"]
[White "Shankland, Sam"]
[Black "Al-Tarboush, Ward"]
[WhiteFideId "2004887"]
[BlackFideId "7601450"]
[WhiteElo "2612"]
[BlackElo "2269"]
[Result "1-0"]
[Round "02"]
[TimeControl "180+1"]
[Date "2022.11.01"]
[WhiteClock "0:02:16"]
[BlackClock "0:00:16"]

1. d4 d5 2. c4 c6 3. Nc3 Nf6 4. e3 e6 5. Nf3 Nbd7 6. Be2 dxc4 7. a4 Bd6 8. Nd2 O-O 9. Nxc4 Bc7 10. b3 Nb6 11. Ba3 Re8 12. O-O Nbd5 13. Qc2 Nxc3 14. Qxc3 Ne4 15. Qc2 Qd5 16. Bf3 f5 17. Nd2 Bd7 18. Nxe4 fxe4 19. Bxe4 Qh5 20. f4 Rad8 21. Rf3 e5 22. fxe5 Bg4 23. Rf4 Be6 24. Raf1 Qg5 25. Bxh7+ Kh8 26. Bg6 Rg8 27. Qf2 Qxg6 28. Rh4+ Qh7 29. Rxh7+ Kxh7 30. Qh4+ Kg6 31. Qg3+ Kh7 32. Rf4 g5 33. Rf6 Bd5 34. Qh3+ 1-0


[Site "https://www.chess.com"]

[Event "Titled Tuesday Blitz November 01 Early 2022"]
[White "Shapiro, Daniel"]
[Black "Fathy, Elameir"]
[WhiteFideId "2001780"]
[BlackFideId "10600396"]
[WhiteElo "2244"]
[BlackElo "2311"]
[Result "1-0"]
[Round "02"]
[TimeControl "180+1"]
[Date "2022.11.02"]
[WhiteClock "0:00:14"]
[BlackClock "0:00:01"]

1. d4 d5 2. c4 c6 3. Nf3 Nf6 4. Qb3 dxc4 5. Qxc4 g6 6. Bg5 Bg7 7. Nc3 O-O 8. h3 b5 9. Qd3 Nbd7 10. e4 a6 11. Be2 c5 12. d5 c4 13. Qc2 Nc5 14. a3 h6 15. Be3 Nb3 16. Rd1 Nd7 17. Bf4 g5 18. Bg3 Qa5 19. e5 Nb6 20. O-O Bb7 21. d6 exd6 22. Rxd6 Nc8 23. Rdd1 Qb6 24. Ne4 Bxe4 25. Qxe4 Ra7 26. Rd5 Re8 27. Bd1 Nc5 28. Qe3 Rc7 29. Bc2 Nd7 30. Qe4 Qb7 31. Rfd1 Ndb6 32. Qh7+ Kf8 33. R5d4 Ne7 34. h4 gxh4 35. Nxh4 Ng8 36. Rf4 Rce7 37. Ng6# 1-0


[Site "https://www.chess.com"]

[Event "Titled Tuesday Blitz November 01 Early 2022"]
[White "Sharapov, Evgeny"]
[Black "Boruchovsky, Avital"]
[WhiteFideId "14103133"]
[BlackFideId "2800055"]
[WhiteElo "2367"]
[BlackElo "2466"]
[Result "0-1"]
[Round "02"]
[TimeControl "180+1"]
[Date "2022.11.02"]
[WhiteClock "0:00:30"]
[BlackClock "0:00:14"]

1. e4 e5 2. Nf3 Nc6 3. Nc3 g6 4. d4 exd4 5. Nxd4 Bg7 6. Be3 Nf6 7. f3 O-O 8. Qd2 d5 9. Nxc6 bxc6 10. O-O-O Re8 11. Bh6 Bh8 12. exd5 cxd5 13. Nxd5 Nxd5 14. Qxd5 Qf6 15. c3 Rb8 16. Bb5 Be6 17. Qc6 Qf5 18. Qxe8+ Rxe8 19. Bxe8 Bxa2 20. Rd8 Qb1+ 21. Kd2 Qxb2+ 22. Ke3 Qxc3+ 23. Kf2 Bd4+ 24. Kg3 Be5+ 25. Kf2 Bd4+ 26. Kg3 Bf6 27. Rb8 Qe5+ 28. Bf4 Bh4+ 29. Kxh4 Qxf4+ 30. g4 Kg7 31. Bc6 Qf6+ 0-1


[Site "https://www.chess.com"]

[Event "Titled Tuesday Blitz November 01 Early 2022"]
[White "Shubenkova, Veronika"]
[Black "Gabrielian, Artur"]
[WhiteFideId "44124040"]
[BlackFideId "4131002"]
[WhiteElo "2027"]
[BlackElo "2432"]
[Result "0-1"]
[Round "02"]
[TimeControl "180+1"]
[Date "2022.11.02"]
[WhiteClock "0:00:47"]
[BlackClock "0:01:04"]

1. e4 c5 2. Nc3 d6 3. g3 Nc6 4. Bg2 g6 5. f4 Bg7 6. Nf3 Nf6 7. d3 O-O 8. Be3 Ng4 9. Bg1 Nd4 10. h3 Nxf3+ 11. Qxf3 Nf6 12. Bf2 Rb8 13. O-O b5 14. Ne2 Nd7 15. Rab1 e6 16. d4 Bb7 17. Rfd1 Qc7 18. c3 Nf6 19. Qe3 Qc6 20. dxc5 dxc5 21. Qxc5 Nxe4 22. Qxc6 Bxc6 23. Bc5 Nxc5 24. Bxc6 Rfc8 25. Bf3 a5 26. Nd4 Rb6 27. Kf2 b4 28. Ke3 Na4 29. cxb4 Rxb4 30. Nc6 Rxc6 31. Rd8+ Bf8 32. Bxc6 Nxb2 33. Rc1 Kg7 34. Be8 Nc4+ 35. Kf3 Be7 36. Rc8 Nd6 37. Ra8 Rd4 38. a4 Rd3+ 39. Kg2 Nf5 40. g4 Nh4+ 41. Kh2 Bd6 42. Rc4 g5 0-1


[Site "https://www.chess.com"]

[Event "Titled Tuesday Blitz November 01 Early 2022"]
[White "Shuvalov, Evgenij"]
[Black "Vovk, Orest"]
[WhiteFideId "4187237"]
[BlackFideId "14113490"]
[WhiteElo "2049"]
[BlackElo "2215"]
[Result "0-1"]
[Round "02"]
[TimeControl "180+1"]
[Date "2022.11.02"]
[WhiteClock "0:00:23"]
[BlackClock "0:00:06"]

1. d4 e5 2. dxe5 Nc6 3. Bf4 Qe7 4. Nc3 Qb4 5. Qc1 Qa5 6. Nf3 Bb4 7. Qd2 Nge7 8. e3 Nd5 9. Bc4 Nxc3 10. O-O Qc5 11. Bxf7+ Kxf7 12. a3 Ba5 13. b4 Qc4 14. bxa5 h6 15. h3 Ne4 16. Qd1 Rf8 17. Nd4 Nxd4 18. exd4 Nc3 19. Qh5+ Kg8 20. Bxh6 Qf7 21. Qg5 Ne2+ 22. Kh1 Nxd4 23. Rad1 Ne6 24. Qg3 b6 25. a6 Bxa6 26. Rfe1 Qxf2 27. Qg6 Qf7 28. Qg3 Bb7 29. Re2 Qh5 30. Bc1 Qxe2 31. Rg1 Rf1 32. Rxf1 Qxf1+ 33. Kh2 Qxg2+ 34. Qxg2 Bxg2 35. Kxg2 Rf8 36. Be3 Rf5 37. c3 Rxe5 38. Kf3 Rb5 39. Ke4 Rb3 40. Kd3 Rxa3 41. h4 Ra4 42. h5 Rh4 43. h6 Rh3 44. Ke4 Rxe3+ 45. Kxe3 gxh6 46. Ke4 Kf7 47. Kd5 Ke7 48. Ke5 a5 49. Kf5 a4 50. Kg6 a3 51. Kxh6 a2 52. c4 a1=B 53. c5 bxc5 54. Kh5 c4 55. Kg4 c3 56. Kf3 c2 57. Ke2 c1=B 58. Kd3 Bh6 59. Ke4 c5 60. Kf5 d5 61. Kg6 Bg5 62. Kf5 c4 63. Kg4 c3 64. Kf3 c2 65. Ke2 c1=B 66. Kd3 Kd6 67. Ke2 Ke5 68. Kf3 d4 69. Ke2 Ke4 70. Kd1 Nc5 71. Kc2 d3+ 72. Kd1 Kd4 73. Ke1 Kc3 74. Kd1 Nb3 75. Ke1 Kc2 76. Kf2 d2 77. Kf3 d1=B+ 78. Ke4 Bgd2 79. Kf5 Bf3 80. Ke6 Kd3 81. Kf5 Be4+ 82. Ke6 Bf4 83. Kd7 Bd4 84. Ke6 Ba3 85. Kd7 Nc5+ 86. Ke7 Kc4 87. Kf7 Kd5 88. Ke7 Bg5+ 89. Kf7 Bf5 90. Ke8 Ke6 91. Kf8 Nd7+ 92. Ke8 Bg6# 0-1


[Site "https://www.chess.com"]

[Event "Titled Tuesday Blitz November 01 Early 2022"]
[White "Skliarov, Viktor"]
[Black "Matveeva, Olga"]
[WhiteFideId "14106736"]
[BlackFideId "24107018"]
[WhiteElo "2284"]
[BlackElo "2055"]
[Result "1-0"]
[Round "02"]
[TimeControl "180+1"]
[Date "2022.11.02"]
[WhiteClock "0:01:43"]
[BlackClock "0:01:32"]

1. e4 e6 2. d4 d5 3. e5 c5 4. c3 Nc6 5. Nf3 Qb6 6. a3 Nh6 7. b4 cxd4 8. Bxh6 gxh6 9. cxd4 Bd7 10. Be2 Bg7 11. Nc3 Rc8 12. Na4 Qd8 13. Nc5 Rc7 14. O-O O-O 15. Rc1 f6 16. exf6 Qxf6 17. Nxd7 Rxd7 18. Bb5 Rd6 19. Bxc6 Rxc6 20. Rxc6 bxc6 21. Re1 Kh8 22. h3 a5 23. bxa5 Ra8 24. Qa4 c5 25. Qc6 Rxa5 26. Rxe6 1-0


[Site "https://www.chess.com"]

[Event "Titled Tuesday Blitz November 01 Early 2022"]
[White "Smietanska, Wiktoria"]
[Black "Lee, Linden"]
[WhiteFideId "21869359"]
[BlackFideId "30941830"]
[WhiteElo "1854"]
[BlackElo "2518"]
[Result "1-0"]
[Round "02"]
[TimeControl "180+1"]
[Date "2022.11.02"]
[WhiteClock "0:00:06"]
[BlackClock "0:00:58"]

1. c4 g6 2. Nc3 Bg7 3. g3 c5 4. Bg2 Nc6 5. e4 e6 6. Nge2 Nge7 7. d3 O-O 8. O-O d6 9. Be3 Nd4 10. Rb1 a5 11. Bxd4 cxd4 12. Nb5 Nc6 13. f4 f5 14. a3 a4 15. exf5 gxf5 16. Qe1 e5 17. Bd5+ Kh8 18. Qf2 Ne7 19. Bg2 Qb6 20. Rbe1 Bd7 21. fxe5 dxe5 22. Nexd4 exd4 23. Rxe7 Bxb5 24. cxb5 Qxb5 25. Rxb7 Qe5 26. Re1 Qf6 27. Ree7 Rg8 28. Bd5 f4 29. Bxg8 Rxg8 30. Kf1 f3 31. Rf7 Qc6 32. Qxf3 Qc1+ 33. Kg2 Qc2+ 34. Kg1 Qc1+ 35. Qf1 Qc5 36. Rbc7 Qd6 37. Qf5 Qh6 38. Rxg7 Qe3+ 39. Kg2 Qd2+ 40. Kh3 Qh6+ 41. Kg2 Qd2+ 42. Kf1 Qd1+ 43. Kf2 Qd2+ 44. Kg1 Qe1+ 45. Qf1 Qe3+ 46. Qf2 Rxg7 47. Qxe3 Rxc7 48. Qe8+ Kg7 49. Qe5+ Kh6 50. Qxc7 Kg5 51. Qf4+ Kg6 52. Qxd4 Kh5 53. Qxa4 h6 54. Qb4 Kg5 55. a4 Kh5 56. a5 Kg5 57. Qf4+ Kh5 58. g4+ Kg6 59. Qf5+ Kg7 60. a6 h5 61. a7 hxg4 62. a8=Q g3 63. Qb7+ Kg8 64. Qbf7+ Kh8 65. Q5h7# 1-0


[Site "https://www.chess.com"]

[Event "Titled Tuesday Blitz November 01 Early 2022"]
[White "Sokolovsky, Yahli"]
[Black "Myshakov, Fyodor"]
[WhiteFideId "2820242"]
[BlackFideId "14111284"]
[WhiteElo "2316"]
[BlackElo "2310"]
[Result "0-1"]
[Round "02"]
[TimeControl "180+1"]
[Date "2022.11.02"]
[WhiteClock "0:00:11"]
[BlackClock "0:00:55"]

1. b3 d5 2. e3 Bf5 3. Bb2 e6 4. Nf3 Nf6 5. d4 Bd6 6. Bd3 Bxd3 7. Qxd3 O-O 8. O-O Nbd7 9. Ne5 c5 10. Nd2 Rc8 11. f4 Qc7 12. c3 cxd4 13. exd4 a6 14. Rf3 Rfe8 15. Rh3 Nf8 16. Rf1 b5 17. g4 b4 18. g5 bxc3 19. Bxc3 Bxe5 20. fxe5 Ne4 21. Nxe4 dxe4 22. Qxe4 Qc6 23. Qh4 Qb5 24. Qh5 Rc7 25. a3 a5 26. a4 Qd5 27. Qf3 Rd8 28. Rb1 Ng6 29. Qxd5 Rxd5 30. Rf3 Ne7 31. b4 axb4 32. Rxb4 g6 33. a5 Kg7 34. Rb8 Nc6 35. Ra8 Nxd4 36. Bxd4 Rxd4 37. Ra3 Rc2 38. a6 Rd1# 0-1


[Site "https://www.chess.com"]

[Event "Titled Tuesday Blitz November 01 Early 2022"]
[White "Stoleriu, George"]
[Black "Rosenberg, Evan S"]
[WhiteFideId "1227505"]
[BlackFideId "2019299"]
[WhiteElo "2292"]
[BlackElo "2380"]
[Result "1-0"]
[Round "02"]
[TimeControl "180+1"]
[Date "2022.11.02"]
[WhiteClock "0:00:17"]
[BlackClock "0:00:02"]

1. e4 e5 2. Nf3 Nc6 3. Bb5 Nf6 4. d3 Ne7 5. O-O c6 6. Ba4 Ng6 7. Nc3 Be7 8. d4 d6 9. Re1 O-O 10. h3 Qc7 11. Bg5 a5 12. Bb3 Rd8 13. a4 h6 14. Bxf6 Bxf6 15. d5 Nf4 16. Ne2 g5 17. Nxf4 gxf4 18. Nh2 Kh7 19. Qh5 c5 20. Ng4 Bxg4 21. Qxg4 Rg8 22. Qf5+ Rg6 23. Bc4 Qc8 24. Qxc8 Rxc8 25. Be2 Rcg8 26. Bg4 Kh8 27. Kf1 Ra8 28. Ra3 b6 29. Rb3 Rb8 30. Rb5 Bd8 31. Bf5 Rg7 32. Bg4 Bc7 33. c3 Rbg8 34. b4 axb4 35. cxb4 Rg5 36. bxc5 bxc5 37. Reb1 h5 38. Bf3 Ra8 39. Rb7 Ba5 40. Rxf7 Bb4 41. Ra1 Kg8 42. Rd7 Ra6 43. Be2 Rb6 44. h4 Rg7 45. Rd8+ Kh7 46. Bxh5 c4 47. Bd1 c3 48. Bc2 Rc7 49. Ke2 Ra6 50. Rb1 Bc5 51. Rbb8 Rg7 52. Rh8+ Kg6 53. h5+ Kg5 54. Kf3 1-0


[Site "https://www.chess.com"]